 Dungeon Crawl Stone Soup version 0.28-a0-43-g560ac104fe (webtiles) character file.

Game seed: 6939652270564108103

31 robertstho the Covered (level 3, -1/24 HPs)
             Began as a Gargoyle Fighter on July 28, 2021.
             Slain by a goblin (3 damage)
             ... led by Robin
             ... on level 2 of the Dungeon.
             The game lasted 00:01:13 (585 turns).

robertstho the Covered (Gargoyle Fighter)            Turns: 585, Time: 00:01:13

Health: -1/24      AC: 12    Str: 20    XL:     3   Next: 22%
Magic:  3/3        EV:  5    Int:  8    God:
Gold:   10         SH:  9    Dex:  9    Spells: 2/2 levels left

rFire   . . .      SeeInvis .   a - +0 flail
rCold   . . .      Faith    .   c - +0 kite shield
rNeg    + . .      Spirit   .   e - +0 chain mail
rPois   ∞          Reflect  .   (no helmet)
rElec   +          Harm     .   (no cloak)
rCorr   .          Rampage  .   (no gloves)
Will    .....                   (no boots)
Stlth   ..........              (no amulet)
HPRegen 0.08/turn               (no ring)
MPRegen 0.08/turn               (no ring)

@: mighty
A: sickness immunity, AC +3, negative energy resistance 1, electricity
resistance, torment resistance 1, petrification resistance
a: no special abilities


You were on level 2 of the Dungeon.
You visited 1 branch of the dungeon, and saw 2 of its levels.

You collected 10 gold pieces.

Inventory:

Hand Weapons
 a - a +0 flail (weapon)
Armour
 c - a +0 kite shield (worn)
 e - a +0 chain mail (worn)
Scrolls
 b - a scroll of identify {unknown}


   Skills:
 * Level 3.7 Fighting
 + Level 2.3 Maces & Flails
 * Level 3.7 Armour
 + Level 0.2 Dodging
 + Level 3.6 Shields


You had 2 spell levels left.
You didn't know any spells.
Your spell library contained the following spells:

 Spells                   Type           Power      Damage    Failure   Level
 Animate Skeleton         Necr           0%         N/A       100%        1
 Pain                     Necr           0%         1d4       100%        1
 Vampiric Draining        Necr           0%         2d6       100%        3


Dungeon Overview and Level Annotations

Branches:
Dungeon (2/15)

Altars:

Annotations:
D:2 Robin


Innate Abilities, Weirdness & Mutations

You are immune to sickness and miasma.
Your stone body is resilient. (AC +3)
You are immune to poison.
You resist negative energy. (rN+)
You are resistant to electric shocks. (rElec)
You are resistant to unholy torment.
You are immune to petrification.


Message History

The goblin closely misses you. The goblin barely misses you.
You barely miss the goblin. You block the goblin's attack.
The goblin hits you but does no damage. You block the goblin's attack.
The goblin hits you but does no damage.
Unknown command.
Your chain mail prevents you from hitting the goblin.
The goblin completely misses you. The goblin closely misses you.
You barely miss the goblin. The goblin closely misses you.
The goblin barely misses you. The goblin hits you but does no damage.
The goblin hits you with a +0 dagger.
You closely miss the goblin. The goblin closely misses you.
The goblin hits you but does no damage. You block the goblin's attack.
You closely miss the goblin. The goblin barely misses you.
You block the goblin's attack. x2
Unknown command.
You hit the goblin.
The goblin is severely wounded.
The goblin hits you with a +0 dagger. The goblin hits you but does no damage.
You feel very mighty all of a sudden. The goblin hits you with a +0 dagger.
* * * LOW HITPOINT WARNING * * *
The goblin hits you but does no damage.
You barely miss the goblin.
The goblin is severely wounded.
The goblin no longer looks unusually strong.
The hobgoblin no longer looks unusually strong.
You block the goblin's attack. x2; The goblin hits you with a +0 dagger.
* * * LOW HITPOINT WARNING * * *
The goblin barely misses you.
You barely miss the goblin.
The goblin is severely wounded.
You block the goblin's attack. x2
Robin roars a battlecry!
The goblins go into a battle-frenzy!
The goblin hits you with a +0 dagger.
* * * LOW HITPOINT WARNING * * *
You hit the goblin.
You kill the goblin!
The goblin hits you but does no damage. The goblin hits you with a +0 dagger.
You die...

.# ##.# ### #...
..# #..# #.# #..##
#.# ##...####.# #
#......##.####S.##.
#<#.#....)@gggg...
#..#####.####g.###
#........# #
##########


You could see 2 hobgoblins, 3 goblins and a ball python.

Vanquished Creatures
  2 bats (D:1)
  2 giant cockroaches
  10 goblins
  2 hobgoblins
  2 jackals (D:1)
  A quokka (D:2)
  A ball python (D:1)
  3 frilled lizards (D:1)
  4 kobolds (D:1)
  2 rats (D:1)
29 creatures vanquished.

Notes
Turn   | Place    | Note
-------+----------+-------------------------------------------
     0 | D:1      | robertstho the Gargoyle Fighter began the quest for the
                  | Orb.
     0 | D:1      | Reached XP level 1. HP: 14/14 MP: 1/1
   186 | D:1      | Reached XP level 2. HP: 19/19 MP: 2/2
   261 | D:1      | Found a faded altar of an unknown god.
   555 | D:2      | Reached XP level 3. HP: 23/23 MP: 3/3
   570 | D:2      | Noticed Robin
   585 | D:2      | Slain by a goblin

Illustrated notes

Levels and vault maps discovered:
D:1:      lightli_arrival_boilingwater, layout_rooms,
          shapermc_ecumenical_altar_acropolis
D:2:      layout_loops_corners, uniq_robin

Action                   || total
-------------------------++-------
Melee: Flail             ||   115
  Use: Potion            ||     1
Armor: Scale mail        ||    77
       Chain mail        ||    23
Dodge: Dodged            ||    58
Block: Kite shield       ||    83

Table legend: (Time is in decaauts)
 A = Elapsed time spent in this place.
 B = Non-inter-level travel time spent in this place.
 C = Inter-level travel time spent in this place.
 D = Time resting spent in this place.
 E = Time spent auto-exploring this place.
 F = Levels seen in this place.
 G = Mean time per level.
                   A        B        C        D        E       F      G
               +--------+--------+--------+--------+--------+-----+--------+
         Total |    649 |    622 |     27 |      0 |    385 |   2 |  324.5 |
       Dungeon |    649 |    622 |     27 |      0 |    385 |   2 |  324.5 |
               +--------+--------+--------+--------+--------+-----+--------+

Top non-repeatable levels by time:
     D:1: 586 daAuts
     D:2: 63 daAuts
